3AAA
GRYFINDOR BRAVES @ VERMONT LAKE MONSTERS
07/09/2021
 
TOP OF THE 1ST
Gryfindor Braves batting - Pitching for Vermont Lake Monsters : RHP Fernando Ruíz
Pitching: RHP Fernando Ruíz
Batting: LHB Nathan Tanner 0-0: Ball
1-0: Ball
2-0: Ball
3-0: Called Strike
3-1: Swinging Strike
3-2: Foul Ball, location: 2F
3-2: SINGLE (Line Drive, 8RS)
Batting: RHB Matt Nelson 0-0: Ball
1-0: Called Strike
1-1: Swinging Strike
1-2: Foul Ball, location: 2F
1-2: Ball
2-2: Ball
3-2: SINGLE (Flyball, 8RS)
Nathan Tanner to second
Batting: RHB António Martínez 0-0: Fly out, F5 (Line Drive, 5)
0-0: Fly out, F5 (Line Drive, 5)
Batting: RHB Rafael Arredondo 0-0: Ball
Matt Nelson steals 2nd base
Nathan Tanner to third
1-0: Foul Ball, location: 2F
1-1: Swinging Strike
1-2: Foul Ball, location: 2F
1-2: Ball
2-2: Fly out, F9 (Flyball, 9LM)
Runner from 3rd tags up, SCORES, no throw
Batting: RHB Turner Coleman 0-0: Ball
1-0: Ball
2-0: Ground out 1-3 (Groundball, 13)
Top of the 1st over - 1 run(s), 2 hit(s), 0 error(s), 1 left on base; Gryfindor 1 - Vermont 0
BOTTOM OF THE 1ST
Vermont Lake Monsters batting - Pitching for Gryfindor Braves : RHP Jim Unknown
Pitching: RHP Jim Unknown
Batting: RHB Fernando Castro 0-0: Ground out 6-3 (Groundball, 6M)
Batting: SHB Carlos Rodríguez 0-0: Ball
1-0: Foul Ball, location: 2F
1-1: Called Strike
1-2: Strikes out looking
Batting: RHB Ramiro Rico 0-0: Ball
1-0: Called Strike
1-1: SINGLE (Line Drive, 7S)
Batting: LHB Michael Smith 0-0: Called Strike
0-1: Ball
1-1: Foul Ball, location: 2F
1-2: Ball
2-2: Foul Ball, location: 2F
2-2: Ball
3-2: Base on Balls
Ramiro Rico to second
Batting: RHB Adrian Smith 0-0: Called Strike
0-1: Called Strike
0-2: SINGLE (Groundball, 56D)
Ramiro Rico to third
Michael Smith to second
Runner from 3rd tries for Home, SAFE, no throw or cutoff
Batting: RHB Jason Ruffin 0-0: Ball
1-0: Ball
2-0: Called Strike
2-1: Foul Ball, location: 2F
2-2: Ball
3-2: Hit by Pitch
Michael Smith to third
Adrian Smith to second
Batting: LHB Dave Burns 0-0: Called Strike
0-1: Ball
1-1: Swinging Strike
1-2: Fly out, F7 (Flyball, 7LM)
Bottom of the 1st over - 1 run(s), 2 hit(s), 0 error(s), 3 left on base; Gryfindor 1 - Vermont 1
TOP OF THE 2ND
Gryfindor Braves batting - Pitching for Vermont Lake Monsters : RHP Fernando Ruíz
Batting: RHB Jim Unknown 0-0: Swinging Strike
0-1: Fly out, F3 (Popup, 3F)
Batting: RHB Jim Unknown 0-0: Ball
1-0: Ball
2-0: Ball
3-0: Called Strike
3-1: Ground out 5-3 (Groundball, 56)
Batting: RHB Jim Unknown 0-0: Ball
1-0: Foul Ball, location: 2F
1-1: Ground out 1-3 (Groundball, 15)
Top of the 2nd over - 0 run(s), 0 hit(s), 0 error(s), 0 left on base; Gryfindor 1 - Vermont 1
BOTTOM OF THE 2ND
Vermont Lake Monsters batting - Pitching for Gryfindor Braves : RHP Jim Unknown
Batting: SHB Arturo Robles 0-0: Ball
1-0: Ball
2-0: Called Strike
2-1: Ball
3-1: Base on Balls
Batting: RHB Carlos Padilla 0-0: Ball
1-0: Ball
2-0: Called Strike
2-1: Swinging Strike
2-2: Strikes out swinging
Batting: RHB Fernando Castro 0-0: Called Strike
0-1: Foul Ball, location: 2F
0-2: Foul Ball, location: 2F
0-2: Ball
1-2: Strikes out swinging
Batting: SHB Carlos Rodríguez 0-0: Ball
1-0: Ball
Arturo Robles steals 2nd base
2-0: Ball
3-0: Base on Balls
Batting: RHB Ramiro Rico 0-0: Ball
1-0: Called Strike
1-1: Fielders Choice at 2nd, U6 (Groundball, 6M)
Bottom of the 2nd over - 0 run(s), 0 hit(s), 0 error(s), 2 left on base; Gryfindor 1 - Vermont 1
TOP OF THE 3RD
Gryfindor Braves batting - Pitching for Vermont Lake Monsters : RHP Fernando Ruíz
Batting: RHB Jim Unknown 0-0: Fly out, F9 (Flyball, 9LSF)
Batting: LHB Nathan Tanner 0-0: DOUBLE (Line Drive, 9LS)
Batting: RHB Matt Nelson 0-0: Ball
1-0: Foul Ball, location: 2F
1-1: Ball
2-1: Swinging Strike
2-2: SINGLE (Line Drive, 4MD)
Nathan Tanner to third
Runner from 3rd tries for Home, SAFE, no throw or cutoff
Batting: RHB António Martínez 0-0: Ball
1-0: Ball
2-0: Called Strike
Matt Nelson steals 2nd base
2-1: Fly out, F7 (Flyball, 78M)
Batting: RHB Rafael Arredondo 0-0: Ball
1-0: Ground out U3 (Groundball, 3S)
Top of the 3rd over - 1 run(s), 2 hit(s), 0 error(s), 1 left on base; Gryfindor 2 - Vermont 1
BOTTOM OF THE 3RD
Vermont Lake Monsters batting - Pitching for Gryfindor Braves : RHP Jim Unknown
Batting: LHB Michael Smith 0-0: Ground out 3-1 (Groundball, 34)
Batting: RHB Adrian Smith 0-0: SINGLE (Groundball, 5D)
Batting: RHB Jason Ruffin 0-0: SINGLE (Flyball, 9S)
Adrian Smith to second
Runner from 2nd tries for 3rd, SAFE, throw made to third
Batting: LHB Dave Burns 0-0: Called Strike
0-1: Foul Ball, location: 2F
0-2: Fly out, F8 (Flyball, 89XD)
Runner from 3rd tags up, SCORES, no throw
Batting: SHB Arturo Robles 0-0: Ball
1-0: SINGLE (Line Drive, 56D)
Jason Ruffin to second
Batting: RHB Carlos Padilla 0-0: Ball
1-0: Ground out 1-3 (Groundball, 13S)
Bottom of the 3rd over - 1 run(s), 3 hit(s), 0 error(s), 2 left on base; Gryfindor 2 - Vermont 2
TOP OF THE 4TH
Gryfindor Braves batting - Pitching for Vermont Lake Monsters : RHP Fernando Ruíz
Batting: RHB Turner Coleman 0-0: Foul Ball, location: 2F
0-1: Ball
1-1: Swinging Strike
1-2: SINGLE (Flyball, 8LS)
Batting: RHB Jim Unknown 0-0: Foul Ball, location: 2F
0-1: Called Strike
0-2: Foul Ball, location: 2F
0-2: Foul Ball, location: 2F
0-2: Ball
1-2: Fielders Choice at 2nd, 6-4 (Groundball, 6M)
Batting: RHB Jim Unknown 0-0: Ball
1-0: Called Strike
1-1: 2-RUN HOME RUN (Flyball, 7D), Distance : 374 ft
Batting: RHB Jim Unknown 0-0: Called Strike
0-1: Ball
1-1: Fly out, F8 (Flyball, 8LXD)
Batting: RHB Jim Unknown 0-0: Fly out, F8 (Flyball, 8LD)
Top of the 4th over - 2 run(s), 2 hit(s), 0 error(s), 0 left on base; Gryfindor 4 - Vermont 2
BOTTOM OF THE 4TH
Vermont Lake Monsters batting - Pitching for Gryfindor Braves : RHP Jim Unknown
Batting: RHB Fernando Castro 0-0: Ball
1-0: Ball
Single, Error in OF, E7, batter to second base
Batting: SHB Carlos Rodríguez 0-0: Called Strike
0-1: Ball
1-1: Foul Ball, location: 2F
1-2: Ball
2-2: Ground out 6-3 (Groundball, 6)
Batting: RHB Ramiro Rico 0-0: Fly out, F8 (Flyball, 8RM)
Batting: LHB Michael Smith 0-0: Foul Ball, location: 2F
0-1: Foul Ball, location: 2F
0-2: Ground out 4-3 (Groundball, 4)
Bottom of the 4th over - 0 run(s), 1 hit(s), 1 error(s), 1 left on base; Gryfindor 4 - Vermont 2
TOP OF THE 5TH
Gryfindor Braves batting - Pitching for Vermont Lake Monsters : RHP Fernando Ruíz
Batting: LHB Nathan Tanner 0-0: Ball
1-0: Swinging Strike
1-1: Ball
2-1: SINGLE (Groundball, 5D)
Batting: RHB Matt Nelson 0-0: Ball
Nathan Tanner steals 2nd base
1-0: Fly out, F9 (Flyball, 9LMF)
Batting: RHB António Martínez 0-0: Called Strike
0-1: Called Strike
0-2: SINGLE (Flyball, 78S)
Nathan Tanner to third
Runner from 3rd tries for Home, SAFE, no throw or cutoff
Batting: RHB Rafael Arredondo 0-0: Ball
António Martínez is caught stealing 2nd base
1-0: Ball
2-0: Fly out, F9 (Flyball, 9M)
Top of the 5th over - 1 run(s), 2 hit(s), 0 error(s), 0 left on base; Gryfindor 5 - Vermont 2
BOTTOM OF THE 5TH
Vermont Lake Monsters batting - Pitching for Gryfindor Braves : RHP Jim Unknown
Batting: RHB Adrian Smith 0-0: Fly out, F9 (Flyball, 9LS)
Batting: RHB Jason Ruffin 0-0: Ball
1-0: Called Strike
1-1: Foul Ball, location: 2F
1-2: Ground out 5-3 (Groundball, 56)
Batting: LHB Dave Burns 0-0: Called Strike
0-1: Called Strike
0-2: Strikes out swinging
Bottom of the 5th over - 0 run(s), 0 hit(s), 0 error(s), 0 left on base; Gryfindor 5 - Vermont 2
TOP OF THE 6TH
Gryfindor Braves batting - Pitching for Vermont Lake Monsters : RHP Fernando Ruíz
Batting: RHB Turner Coleman 0-0: Ball
1-0: Called Strike
1-1: Called Strike
1-2: Ball
2-2: Strikes out looking
Batting: RHB Jim Unknown 0-0: Ground out 5-3 (Groundball, 5S)
Batting: RHB Jim Unknown 0-0: Ball
1-0: Called Strike
1-1: Fly out, F5 (Popup, 25)
Top of the 6th over - 0 run(s), 0 hit(s), 0 error(s), 0 left on base; Gryfindor 5 - Vermont 2
BOTTOM OF THE 6TH
Vermont Lake Monsters batting - Pitching for Gryfindor Braves : RHP Jim Unknown
Batting: SHB Arturo Robles 0-0: Foul Ball, location: 2F
0-1: Ball
1-1: Ground out 4-3 (Groundball, 4)
Batting: RHB Carlos Padilla 0-0: Foul Ball, location: 2F
0-1: Fly out, F9 (Popup, 9S)
Batting: RHB Fernando Castro 0-0: Foul Ball, location: 2F
0-1: Ball
1-1: SINGLE (Line Drive, 9S)
Batting: SHB Carlos Rodríguez 0-0: Ball
1-0: Called Strike
1-1: Swinging Strike
1-2: Ball
2-2: SINGLE (Groundball, 34S)
Fernando Castro to second
Runner from 2nd tries for 3rd, SAFE, no throw or cutoff
Batting: RHB Ramiro Rico 0-0: Ball
1-0: Fly out, F8 (Flyball, 8LXD)
Bottom of the 6th over - 0 run(s), 2 hit(s), 0 error(s), 2 left on base; Gryfindor 5 - Vermont 2
TOP OF THE 7TH
Gryfindor Braves batting - Pitching for Vermont Lake Monsters : RHP Fernando Ruíz
Batting: RHB Jim Unknown 0-0: Ball
1-0: Called Strike
1-1: Fly out, F7 (Flyball, 78M)
Batting: RHB Jim Unknown 0-0: Swinging Strike
0-1: Foul Ball, location: 2F
0-2: Ball
1-2: Strikes out swinging
Batting: LHB Nathan Tanner 0-0: Ball
1-0: Foul Ball, location: 2F
1-1: Foul Ball, location: 2F
1-2: SOLO HOME RUN (Flyball, 78XD), Distance : 438 ft
Batting: RHB Matt Nelson 0-0: Called Strike
0-1: SINGLE (Groundball, 4MD)
Pitching: RHP Josh Parker
Batting: RHB António Martínez 0-0: Ball
Matt Nelson steals 2nd base
1-0: Fly out, F8 (Flyball, 8RM)
Top of the 7th over - 1 run(s), 2 hit(s), 0 error(s), 1 left on base; Gryfindor 6 - Vermont 2
BOTTOM OF THE 7TH
Vermont Lake Monsters batting - Pitching for Gryfindor Braves : RHP Jim Unknown
Batting: LHB Michael Smith 0-0: Called Strike
0-1: Foul Ball, location: 2F
0-2: Ball
1-2: Foul Ball, location: 2F
1-2: Ball
2-2: Ball
3-2: Strikes out swinging
Batting: RHB Adrian Smith 0-0: Ball
1-0: Called Strike
1-1: Ball
2-1: Ball
3-1: Called Strike
3-2: Base on Balls
Batting: RHB Jason Ruffin 0-0: Called Strike
0-1: Ball
1-1: Called Strike
1-2: Ball
2-2: Fly out, F7 (Flyball, 7D)
Batting: LHB Dave Burns 0-0: 2-RUN HOME RUN (Flyball, 9D), Distance : 373 ft
Batting: SHB Arturo Robles 0-0: Ball
1-0: Swinging Strike
1-1: SINGLE (Line Drive, 7S)
Pitching: RHP Jim Unknown
Batting: RHB Carlos Padilla 0-0: Ball
1-0: Ball
2-0: Called Strike
2-1: Foul Ball, location: 2F
2-2: Strikes out looking
Bottom of the 7th over - 2 run(s), 2 hit(s), 0 error(s), 1 left on base; Gryfindor 6 - Vermont 4
TOP OF THE 8TH
Gryfindor Braves batting - Pitching for Vermont Lake Monsters : RHP Josh Parker
Batting: RHB Rafael Arredondo 0-0: Ball
1-0: Swinging Strike
1-1: Ball
2-1: Ball
3-1: Ground out 4-3 (Groundball, 13)
Batting: RHB Turner Coleman 0-0: Ball
1-0: Ball
2-0: Called Strike
2-1: Fly out, F6 (Popup, 6S)
Batting: RHB Jim Unknown 0-0: Called Strike
0-1: Ball
1-1: Ground out 5-3 (Groundball, 5S)
Top of the 8th over - 0 run(s), 0 hit(s), 0 error(s), 0 left on base; Gryfindor 6 - Vermont 4
BOTTOM OF THE 8TH
Vermont Lake Monsters batting - Pitching for Gryfindor Braves : RHP Jim Unknown
Batting: RHB Fernando Castro 0-0: Ground out 1-3 (Groundball, 15)
Batting: SHB Carlos Rodríguez 0-0: Foul Ball, location: 2F
0-1: Ball
1-1: Ball
2-1: Fly out, F9 (Flyball, 9LM)
Batting: RHB Ramiro Rico 0-0: Ball
1-0: Ball
2-0: Foul Ball, location: 2F
2-1: Fly out, F4 (Line Drive, 4)
Bottom of the 8th over - 0 run(s), 0 hit(s), 0 error(s), 0 left on base; Gryfindor 6 - Vermont 4
TOP OF THE 9TH
Gryfindor Braves batting - Pitching for Vermont Lake Monsters : RHP Josh Parker
Batting: RHB Jim Unknown 0-0: Ball
1-0: Ball
2-0: Ball
3-0: Called Strike
3-1: Base on Balls
Batting: RHB Jim Unknown 0-0: Ball
Wild Pitch!
Jim Unknown to second
1-0: Ball
2-0: Called Strike
2-1: SINGLE (Line Drive, 8RS)
Jim Unknown to third
Batting: RHB Jim Unknown 0-0: Ball
1-0: Ball
2-0: Ball
3-0: Base on Balls
Jim Unknown to second
Batting: LHB Nathan Tanner 0-0: Called Strike
0-1: Ball
1-1: SINGLE (Groundball, 56D)
Jim Unknown scores
Jim Unknown to third
Jim Unknown to second
Batting: RHB Matt Nelson 0-0: Ball
1-0: Called Strike
1-1: Ball
2-1: Ball
3-1: Swinging Strike
3-2: Strikes out swinging
Batting: RHB António Martínez 0-0: Called Strike
0-1: Ball
1-1: SINGLE (Flyball, 7LS)
Jim Unknown scores
Jim Unknown to third
Nathan Tanner to second
Runner from 3rd tries for Home, SAFE, throw made home
Nathan Tanner to third
António Martínez to second
Pitching: RHP Peter Scott
Batting: RHB Rafael Arredondo 0-0: Swinging Strike
0-1: Ball
1-1: Foul Ball, location: 2F
1-2: Ball
2-2: Fly out, F4 (Popup, 4)
Batting: RHB Turner Coleman 0-0: Ball
1-0: Foul Ball, location: 2F
1-1: Swinging Strike
1-2: Foul Ball, location: 2F
1-2: SINGLE (Line Drive, 6D)
Nathan Tanner scores
António Martínez to third
Batting: RHB Jim Unknown 0-0: Ball
1-0: Ball
2-0: Ball
3-0: Base on Balls
Turner Coleman to second
Batting: RHB Jim Unknown 0-0: Called Strike
0-1: Ball
1-1: Ball
2-1: Ball
3-1: Base on Balls
António Martínez scores
Turner Coleman to third
Jim Unknown to second
Batting: RHB Jim Unknown 0-0: Called Strike
0-1: Foul Ball, location: 2F
0-2: Ground out 4-3 (Groundball, 4)
Top of the 9th over - 5 run(s), 4 hit(s), 0 error(s), 3 left on base; Gryfindor 11 - Vermont 4
BOTTOM OF THE 9TH
Vermont Lake Monsters batting - Pitching for Gryfindor Braves : RHP Jim Unknown
Batting: LHB Michael Smith 0-0: Foul Ball, location: 2F
0-1: Fly out, F8 (Flyball, 8LM)
Batting: RHB Adrian Smith 0-0: Ball
1-0: Called Strike
1-1: Foul Ball, location: 2F
1-2: Ball
2-2: Ball
3-2: Base on Balls
Batting: RHB Jason Ruffin 0-0: Foul Ball, location: 2F
0-1: Ball
1-1: Ball
2-1: DOUBLE (Flyball, 89D)
Adrian Smith to third
Batting: LHB Dave Burns 0-0: Called Strike
0-1: Ball
1-1: SINGLE (Line Drive, 34D)
Adrian Smith scores
Jason Ruffin to third
Batting: SHB Arturo Robles 0-0: Called Strike
0-1: Ball
1-1: Foul Ball, location: 2F
1-2: Ball
2-2: Ball
3-2: Strikes out swinging
Batting: RHB Carlos Padilla 0-0: Called Strike
0-1: Foul Ball, location: 2F
0-2: Ground out 5-3 (Groundball, 56)
Bottom of the 9th over - 1 run(s), 2 hit(s), 0 error(s), 2 left on base; Gryfindor 11 - Vermont 5
This league is powered by Out of the Park Baseball, the baseball management simulation game for PC, Mac and Linux
Friday, January 22nd, 2016 - OOTP Baseball 16.9 Build 39